 Dungeon Crawl Stone Soup version 0.25-a0-566-g062765be81 (webtiles) character file.

Game seed: 947382309920428246, levelgen mode: deterministic

359 Flugslaktarn the Chopper (level 6, 20/57 HPs)
             Began as a Deep Dwarf Fighter on Feb 28, 2020.
             Quit the game on level 4 of the Dungeon.
             The game lasted 00:01:15 (1079 turns).

Flugslaktarn the Chopper (Deep Dwarf Fighter)       Turns: 1079, Time: 00:01:16

Health: 20/57      AC: 10    Str: 21    XL:     6   Next: 37%
Magic:  4/4        EV:  4    Int:  9    God:
Gold:   115        SH: 10    Dex: 12    Spells: 5/5 levels left

rFire    . . .     SeeInvis .   o - -2 war axe (curse)
rCold    . . .     Gourm    .   c - +0 kite shield
rNeg     . . .     Faith    .   j - -2 plate armour (curse)
rPois    .         Spirit   .   (no helmet)
rElec    .         Reflect  .   (no cloak)
rCorr    .         Harm     .   (no gloves)
MR       .....                  (no boots)
Stlth    ..........             (no amulet)
HPRegen  0.00/turn              (no ring)
MPRegen  0.09/turn              (no ring)

@: non-regenerating
A: damage resistance, heal wounds, sense surroundings 1, no regeneration
a: Heal Wounds


You were on level 4 of the Dungeon.
You were not hungry.

You visited 1 branch of the dungeon, and saw 4 of its levels.

You collected 115 gold pieces.

Inventory:

Hand Weapons
 a - a +0 war axe
 o - a cursed -2 war axe (weapon)
   (You found it on level 4 of the Dungeon)
Missiles
 q - a throwing net (quivered)
Armour
 b - a +0 scale mail
 c - a +0 kite shield (worn)
 j - a cursed -2 plate armour (worn)
   (You found it on level 3 of the Dungeon)
Jewellery
 g - a +4 ring of strength {unknown}
   (You found it on level 2 of the Dungeon)
 l - an uncursed ring of positive energy {unknown}
   (You found it on level 3 of the Dungeon)
Potions
 d - 2 potions of might
 f - a potion of ambrosia
 h - a potion of flight
 k - a potion of brilliance {unknown}
 n - 2 potions of haste {unknown}
 p - a potion of resistance {unknown}
Comestibles
 e - 2 rations


   Skills:
 + Level 3.7 Fighting
 * Level 5.0 Axes
 + Level 4.5 Armour
 + Level 4.6 Shields


You had 5 spell levels left.
You didn't know any spells.
Your spell library was empty.

Dungeon Overview and Level Annotations

Branches:
Dungeon (4/15)
 Temple: D:4-7

Altars:
Cheibriados


Innate Abilities, Weirdness & Mutations

You are resistant to damage.
You can heal yourself by infusing magical energy.
You passively map a small area around you.
You do not regenerate.


Message History

The iguana is severely wounded.
The iguana bites you!
You closely miss the iguana.
The iguana is severely wounded.
The iguana bites you.
You are too injured to fight recklessly!
You are too injured to fight recklessly!
You are too injured to fight recklessly!
You are too injured to fight recklessly!
You are too injured to fight recklessly!
You are too injured to fight recklessly!
You are too injured to fight recklessly!
You are too injured to fight recklessly!
You are too injured to fight recklessly!
You are too injured to fight recklessly!
You are too injured to fight recklessly!
You are too injured to fight recklessly!
Are you sure you want to abandon this character and quit the game? (Confirm with "yes".)
Okay, then.
Are you sure you want to abandon this character and quit the game? (Confirm with "yes".)

, ?..., #... ,
..$, *#.. *** *
, ##..** #..**
#l# #@# #.## #
#..## ## ##..###
#. ##...##### #.
##......#######.
#####......##..
####.......
###...##


You could see an iguana.

Vanquished Creatures
  A sky beast (D:4)
  An orc priest (D:4)
  2 orc wizards (D:4)
  5 adders
  10 gnolls
  An ooze (D:3)
  2 dart slugs
  3 leopard geckos
  2 orcs (D:4)
  2 giant cockroaches
  3 goblins
  5 hobgoblins
  6 rats
43 creatures vanquished.

Notes
Turn   | Place    | Note
-------+----------+-------------------------------------------
     0 | D:1      | Flugslaktarn the Deep Dwarf Fighter began the quest for the
                  | Orb.
     0 | D:1      | Reached XP level 1. HP: 20/20 MP: 1/1
   118 | D:2      | Reached XP level 2. HP: 20/27 MP: 2/2
   142 | D:2      | Reached skill level 3 in Axes
   169 | D:3      | Reached XP level 3. HP: 14/33 MP: 3/3
   251 | D:3      | Reached XP level 4. HP: 36/42 MP: 4/4
   402 | D:3      | Reached skill level 4 in Axes
   469 | D:4      | Noticed a sky beast
   503 | D:4      | Killed a sky beast
   503 | D:4      | Reached XP level 5. HP: 47/49 MP: 4/4
   545 | D:4      | Reached XP level 6. HP: 50/56 MP: 4/4
   728 | D:4      | Reached skill level 5 in Axes
   753 | D:4      | Found a snail-covered altar of Cheibriados.
  1079 | D:4      | Quit the game

Levels and vault maps discovered:
D:1:      saegor_arrival_under_anarchy, layout_basic
D:2:      layout_basic, uniq_robin
D:3:      layout_loops_ring, gammafunk_temple_overflow_statue, first_ration,
          minmay_snake_closets
D:4:      layout_layer_cave, cheibriados_altar_1, uniq_crazy_yiuf_cottage

Skill      XL: |  1  2  3  4  5  6 |
---------------+-------------------+-----
Axes           | 3 4 5 |  5.0
Fighting       | 3 |  3.7
Armour         | 4 |  4.5
Shields        | 4 |  4.6

Action                   |  1- 3 |  4- 6 || total
-------------------------+-------+-------++-------
Melee: War axe           |    80 |   149 ||   229
 Abil: Heal Wounds       |     3 |     7 ||    10
  Use: Scroll            |       |     3 ||     3
  Eat: Chunk             |       |     1 ||     1
Armor: Scale mail        |    35 |     3 ||    38
       Plate armour      |       |   116 ||   116
Dodge: Dodged            |    40 |    26 ||    66
Block: Kite shield       |    56 |    96 ||   152

Table legend:
 A = Non-vault XP
 B = Vault XP
 C = Vault XP percentage of total XP
 D = Non-vault monster count
 E = Vault monster count
 F = Vault count percentage of total count
                 A         B        C        D         E       F
            +---------+---------+-------+---------+---------+-------
      Total |     514 |       0 |   0.0 |      43 |       0 |   0.0
            +---------+---------+-------+---------+---------+-------
        D:1 |       7 |       0 |   0.0 |       4 |       0 |   0.0
        D:2 |      31 |       0 |   0.0 |       4 |       0 |   0.0
        D:3 |     157 |       0 |   0.0 |      23 |       0 |   0.0
        D:4 |     319 |       0 |   0.0 |      12 |       0 |   0.0
            +---------+---------+-------+---------+---------+-------
